 Dungeon Crawl Stone Soup version 0.28.0-53-g5a82cb258f (webtiles) character file.

Game seed: 9192803968718625888

17 H0rd4k the Charlatan (level 2, -1/21 HPs)
             Began as a Human Artificer on July 28, 2022.
             Succumbed to an adder's poison
             ... on level 2 of the Dungeon.
             The game lasted 00:00:47 (1512 turns).

H0rd4k the Charlatan (Human Artificer)              Turns: 1512, Time: 00:00:48

Health: -1/21      AC:  3    Str: 12    XL:     2   Next: 80%
Magic:  2/2        EV: 11    Int: 11    God:
Gold:   29         SH:  0    Dex: 13    Spells: 1/1 levels left

rFire   . . .      SeeInvis .   a - +0 club
rCold   . . .      Faith    .   (no shield)
rNeg    . . .      Spirit   .   b - +0 leather armour
rPois   .          Reflect  .   (no helmet)
rElec   .          Harm     .   (no cloak)
rCorr   .          Rampage  .   (no gloves)
Will    .....                   (no boots)
Stlth   +.........              (no amulet)
HPRegen 0.07/turn               (no ring)
MPRegen 0.08/turn               (no ring)

@: lethally poisoned (-1 -> -8)
A: no striking features
a: no special abilities


You were on level 2 of the Dungeon.
You visited 1 branch of the dungeon, and saw 2 of its levels.

You collected 29 gold pieces.

Inventory:

Hand Weapons
 a - a +0 club (weapon)
Armour
 b - a +0 leather armour (worn)
Jewellery
 g - a ring of ice
Wands
 c - a wand of flame (13) (quivered)
 d - a wand of charming (15)
Scrolls
 f - a scroll of immolation {unknown}
 h - a scroll of vulnerability {unknown}
 i - a scroll of acquirement {unknown}
Potions
 j - a potion of curing {unknown}
Miscellaneous
 e - a piece from Xom's chessboard (15/15)


   Skills:
 + Level 1.0 Fighting
 + Level 0.3 Maces & Flails
 - Level 2.0 Armour
 + Level 1.1 Dodging
 - Level 1.0 Stealth
 * Level 0.1 Spellcasting
 + Level 3.7 Evocations


You had one spell level left.
You didn't know any spells.
Your spell library contained the following spells:

 Spells                   Type           Power      Damage    Failure   Level
 Blink                    Tloc           0%         N/A       56%         2
 Manifold Assault         Tloc           0%         N/A       100%        5
 Storm Form               Tmut/Air       0%         N/A       100%        7


Dungeon Overview and Level Annotations

Branches:
Dungeon (2/15)

Altars:


Message History

There is a stone staircase leading down here.
You climb downwards.
Found a stone staircase leading down.
There is a stone staircase leading up here.
A rat is nearby!
A rat is nearby!
A rat is nearby!
An adder comes into view.
The rat misses you.
There are monsters nearby!
You hit the rat.
You kill the rat!
The adder hisses angrily.
The adder bites you but does no damage.
An adder is nearby!
You miss the adder. The adder bites you but does no damage.
The adder bites you.
You are poisoned.
The adder poisons you!
An adder is nearby!
You hit the adder but do no damage.
You feel sick. The adder bites you.
You are more poisoned.
The adder poisons you!
You feel sick. The adder bites you. x2
* * * LOW HITPOINT WARNING * * *
You are too injured to fight recklessly!
You are too injured to fight recklessly!
Aiming: Throw Flame
Press: ? - help, Shift-Dir - straight line, f - adder
Aim: an adder (53% to hit)
The puff of flame misses the adder.
* * * LOW HITPOINT WARNING * * *
You feel sick. The adder bites you.
* * * LOW HITPOINT WARNING * * *
Aiming: Throw Flame
Press: ? - help, Shift-Dir - straight line, f/p - adder
Aim: an adder (53% to hit)
The puff of flame hits the adder.
The adder is heavily wounded.
You die...

.# .. .# #
.#.#### # .#.....
####.#### .......
#.....>.##.......
#@.<.......
#S##....... #..#
....... #.#.#
..###.. #.##..
..# . ... ..# #.#
### #.# #. #.# #


You could see an adder.

Vanquished Creatures
  3 ball pythons (D:1)
  2 bats (D:1)
  An endoplasm (D:1)
  A giant cockroach (D:1)
  A goblin (D:1)
  A quokka (D:1)
  3 frilled lizards (D:1)
  3 kobolds (D:1)
  3 rats
18 creatures vanquished.

Notes
Turn   | Place    | Note
-------+----------+-------------------------------------------
     0 | D:1      | H0rd4k the Human Artificer began the quest for the Orb.
     0 | D:1      | Reached XP level 1. HP: 15/15 MP: 1/1
   422 | D:1      | Reached XP level 2. HP: 21/21 MP: 2/2
  1212 | D:1      | Found a faded altar of an unknown god.
  1511 | D:2      | HP: 1/21 [adder (3)]
  1512 | D:2      | Succumbed to an adder's poison

Illustrated notes

Levels and vault maps discovered:
D:1:      matt_arrival_diagonals, layout_loops_corners,
          chequers_ecumenical_altar_twisty
D:2:      layout_loops_cross, serial_shops, nicolae_shop_waterfront

Action                   || total
-------------------------++-------
Melee: Club              ||    71
       Punch             ||     1
Evoke: Wand              ||     2
 Stab: Sleeping          ||     2
Armor: Leather armour    ||    19
Dodge: Dodged            ||    60
